 Dungeon Crawl Stone Soup version 0.28.0-45-g0d030f2227 (webtiles) character file.

Game seed: 8848904699319877749

2375 subs455 the Carver (level 9, 0/79 HPs)
             Began as a Minotaur Berserker on Apr 24, 2022.
             Was a Priest of Trog.
             Slain by a nine-headed hydra (4 damage)
             ... on level 7 of the Dungeon.
             The game lasted 00:18:30 (7153 turns).

subs455 the Carver (Minotaur Berserker)             Turns: 7153, Time: 00:18:31

Health: 0/79       AC: 12    Str: 26    XL:     9   Next: 21%
Magic:  8/8        EV: 11    Int:  4    God:    Trog [***...]
Gold:   334        SH:  0    Dex: 10    Spells: 8/8 levels left

rFire   x . .      SeeInvis .   a - +0 falchion
rCold   + + .      Faith    .   (no shield)
rNeg    . . .      Spirit   .   d - +0 ice dragon scales
rPois   .          Reflect  .   (helmet restricted)
rElec   .          Harm     .   (no cloak)
rCorr   .          Rampage  .   (no gloves)
Will    .....                   (no boots)
Stlth   ..........              (no amulet)
HPRegen 0.23/turn               (no ring)
MPRegen 0.11/turn               (no ring)

@: no status effects
A: horns 2, retaliatory headbutt
a: Renounce Religion, Berserk, Trog's Hand


You were on level 7 of the Dungeon.
You worshipped Trog.
Trog was most pleased with you.
You visited 1 branch of the dungeon, and saw 7 of its levels.

You collected 334 gold pieces.

Inventory:

Hand Weapons
 a - a +0 falchion (weapon)
 t - a +0 shortbow
Missiles
 e - 188 stones (quivered)
 s - 38 arrows
Armour
 b - a +0 animal skin
 d - +0 ice dragon scales (worn)
Jewellery
 h - an amulet of reflection
Wands
 j - a wand of polymorph (13)
 k - a wand of charming (4)
 r - a wand of paralysis (8)
 w - a wand of mindburst (19)
Scrolls
 c - a scroll of holy word {unknown}
 i - 6 scrolls of identify {unknown}
 m - a scroll of fear {unknown}
 n - a scroll of amnesia {unknown}
 o - 2 scrolls of fog {unknown}
 q - a scroll of teleportation {unknown}
 u - a scroll of silence {unknown}
 x - a scroll of vulnerability {unknown}
Potions
 f - 3 potions of heal wounds
 g - 4 potions of curing {unknown}
 l - a potion of brilliance {unknown}
 p - 2 potions of lignification {unknown}
 v - 2 potions of attraction {unknown}


   Skills:
 + Level 7.1 Fighting
 + Level 10.0 Long Blades
 + Level 2.9 Throwing
 + Level 7.7 Armour
 + Level 5.1 Dodging


You had 8 spell levels left.
You didn't know any spells.
Your spell library was empty.

Dungeon Overview and Level Annotations

Branches:
Dungeon (7/15)             Temple (0/1) D:6

Altars:
Cheibriados
Gozag
Wu Jian
Yredelemnul
Zin


Innate Abilities, Weirdness & Mutations

You have a pair of horns on your head.
You reflexively headbutt those who attack you in melee.


Message History

You hit the kobold demonologist.
Your headbutt misses the kobold demonologist.
The kobold demonologist is lightly wounded.
The kobold demonologist hits you but does no damage.
You closely miss the kobold demonologist.
Your headbutt misses the kobold demonologist.
The kobold demonologist is lightly wounded.
The orc barely misses you.
You slice one of the seven-headed hydra's heads off!
The six-headed hydra grows two more!
You hit the eight-headed hydra.
The eight-headed hydra is lightly wounded.
The orc hits you with a +0 flail.
You lop one of the eight-headed hydra's heads off!
The seven-headed hydra grows two more!
You hit the nine-headed hydra. You headbutt the nine-headed hydra.
The nine-headed hydra is lightly wounded.
The nine-headed hydra bites you! The nine-headed hydra misses you.
The nine-headed hydra bites you.
The nine-headed hydra bites you but does no damage.
The nine-headed hydra barely misses you. x2
The nine-headed hydra bites you but does no damage.
The nine-headed hydra bites you!
* * * LOW HITPOINT WARNING * * *
The nine-headed hydra barely misses you.
The orc closely misses you. You furiously retaliate!
You headbutt the orc.
Things that are here:
a +0 shortbow; 17 arrows; a centaur corpse
Items here: ) [ ††.
The nine-headed hydra closely misses you.
The nine-headed hydra bites you.
* * * LOW HITPOINT WARNING * * *
The nine-headed hydra bites you.
* * * LOW HITPOINT WARNING * * *
The nine-headed hydra bites you but does no damage.
The nine-headed hydra barely misses you.
The nine-headed hydra bites you but does no damage. x2
The nine-headed hydra bites you.
* * * LOW HITPOINT WARNING * * *
The nine-headed hydra bites you.
You die...

.. ........ . ..#......
......... #.#.....#
.....<.##.#.......#
.................# ........
#.......# ......### ##...#
........#####....#
...............#@#####.#
...<...........#.Do.)..#
.......#....##.###K.....#
......###.......##....#....
......#...#..........###..#
.##...#..###.#..##....#. #
.##................##...
.........###..##.##......
#.##......###..####......


You could see a nine-headed hydra, a kobold demonologist and an orc.

Vanquished Creatures
  A shadow (D:7)
  Sigmund (D:3)
  Menkaure (D:5)
  Edmund (D:6)
  A water moccasin (D:6)
  2 orc warriors
  A black bear (D:7)
  An ice beast (D:3)
  An ogre (D:5)
  A necrophage (D:4)
  A centaur (D:7)
  A kobold brigand (D:5)
  A scorpion (D:6)
  2 water moccasin zombies (D:5)
  6 killer bees (D:7)
  A bullfrog zombie (D:7)
  An orc priest (D:5)
  2 gnoll shamans (D:5)
  3 hounds
  2 orc wizards (D:5)
  A scorpion zombie (D:5)
  2 hound skeletons
  3 howler monkey zombies (D:5)
  7 adders
  9 gnolls
  A shadow imp (D:7)
  3 white imps
  An adder skeleton (D:4)
  A worm (D:4)
  6 dart slugs
  4 orcs
  4 endoplasms
  5 giant cockroaches
  7 goblins
  7 hobgoblins
  6 jackals
  10 kobolds
  7 quokkas
  5 ball pythons
  2 bats (D:1)
  A frilled lizard (D:1)
  6 rats
129 creatures vanquished.

Notes
Turn   | Place    | Note
-------+----------+-------------------------------------------
     0 | D:1      | subs455 the Minotaur Berserker began the quest for the Orb.
     0 | D:1      | Reached XP level 1. HP: 19/19 MP: 0/0
   173 | D:1      | Reached skill level 4 in Long Blades
   173 | D:1      | Reached XP level 2. HP: 19/27 MP: 1/1
  1528 | D:2      | Reached XP level 3. HP: 29/33 MP: 2/2
  1792 | D:2      | Reached ** piety under Trog
  1802 | D:2      | Found a faded altar of an unknown god.
  2384 | D:3      | Reached XP level 4. HP: 41/41 MP: 3/3
  2530 | D:3      | Found an ornate altar of the Wu Jian Council.
  2531 | D:3      | Noticed an ice beast
  2546 | D:3      | Killed an ice beast
  2547 | D:3      | Reached skill level 5 in Fighting
  2547 | D:3      | Reached skill level 5 in Long Blades
  2547 | D:3      | Reached XP level 5. HP: 48/48 MP: 4/4
  2606 | D:3      | Noticed Sigmund
  2622 | D:3      | Killed Sigmund
  2623 | D:3      | Reached skill level 1 in Throwing
  2623 | D:3      | Reached XP level 6. HP: 38/56 MP: 5/5
  3507 | D:4      | Reached skill level 6 in Long Blades
  3543 | D:4      | Found a snail-covered altar of Cheibriados.
  3706 | D:4      | Found a sand-covered staircase.
  3718 | D:4      | Found an opulent altar of Gozag.
  4033 | D:4      | Found a glowing silver altar of Zin.
  4047 | D:4      | Reached XP level 7. HP: 62/62 MP: 6/6
  4260 | D:5      | Entered Level 5 of the Dungeon
  4348 | D:5      | Found a basalt altar of Yredelemnul.
  4361 | D:5      | Reached *** piety under Trog
  4415 | D:5      | Reached skill level 7 in Long Blades
  4470 | D:5      | Found Koaxtilo's Jewellery Emporium.
  4626 | D:5      | Noticed Menkaure
  4641 | D:5      | Killed Menkaure
  4642 | D:5      | Reached skill level 5 in Armour
  4952 | D:5      | Reached skill level 8 in Long Blades
  4952 | D:5      | Reached XP level 8. HP: 70/70 MP: 7/7
  6120 | D:6      | Noticed Edmund
  6122 | D:6      | Found a staircase to the Ecumenical Temple.
  6158 | D:6      | Killed Edmund
  6159 | D:6      | Reached skill level 9 in Long Blades
  6950 | D:7      | Reached XP level 9. HP: 68/78 MP: 8/8
  6951 | D:7      | Reached skill level 5 in Dodging
  7141 | D:7      | Noticed a kobold demonologist
  7143 | D:7      | Noticed a seven-headed hydra
  7145 | D:7      | Reached skill level 10 in Long Blades
  7153 | D:7      | Slain by a nine-headed hydra

Illustrated notes

Levels and vault maps discovered:
D:1:      sevenhm_arrival_forest_fort_small_6, layout_basic
D:2:      layout_basic, ebering_ecumenical_altar_webs
D:3:      layout_basic, nicolae_overflow_hidden_temple,
          kennysheep_generic_room_12, uniq_sigmund
D:4:      layout_gridville, mainiacjoe_overflow_six_doors_small,
          nicolae_gozag_seed_capital, mainiacjoe_overflow_boulevard,
          nicolae_ossuary_entry_monument
D:5:      layout_basic, nicolae_yredelemnul_corpse_copse, serial_shops,
          shop_statue, uniq_menkaure
D:6:      layout_loops_cross, minmay_temple_entry_arrows, uniq_edmund
D:7:      minmay_blocky_corners, layout_cave_pools

Skill      XL: |  1  2  3  4  5  6  7  8  9 |
---------------+----------------------------+-----
Long Blades    | 4 5 6 8 9 10 | 10.0
Fighting       | 4 5 6 7 |  7.1
Armour         | 3 4 5 7 |  7.7
Dodging        | 3 4 5 |  5.1
Throwing       | 1 2 |  2.9

Action                   |  1- 3 |  4- 6 |  7- 9 || total
-------------------------+-------+-------+-------++-------
Melee: Falchion          |    90 |   106 |   227 ||   423
       Headbutt          |    13 |    15 |    37 ||    65
       Punch             |       |     1 |     7 ||     8
       Unarmed           |       |       |     8 ||     8
Throw: Stone             |    11 |    34 |    18 ||    63
Invok: Berserk           |     1 |     2 |     2 ||     5
  Use: Potion            |     1 |       |     3 ||     4
Armor: Animal skin       |    14 |       |       ||    14
       Ice dragon scales |    27 |    41 |   122 ||   190
       Skin              |       |       |     3 ||     3
Dodge: Dodged            |    74 |    63 |   124 ||   261
